 Dungeon Crawl Stone Soup version 0.23.0 (webtiles) character file.

Game seed: 4028705566535550458

151 Monsterracer the Ruffian (level 5, -3/42 HPs)
             Began as a Draconian Transmuter on Feb 9, 2019.
             Was an Initiate of Wu Jian.
             Killed by nerve-wracking pain
             ... invoked by Jessica
              (11 damage)
             ... on level 3 of the Dungeon.
             The game lasted 00:02:42 (3026 turns).

Monsterracer the Ruffian (Draconian Transmuter)     Turns: 3026, Time: 00:02:42

Health: -3/42      AC:  5    Str: 18    XL:     5   Next: 11%
Magic:  3/8        EV: 16    Int: 14    God:    Wu Jian [......]
Gold:   102        SH:  0    Dex: 16    Spells: 2/8 levels left

rFire    . . .     SeeInvis .     - Unarmed
rCold    + . .     Gourm    .   (no shield)
rNeg     . . .     Faith    .   (armour unavailable)
rPois    .         Spirit   .   (helmet restricted)
rElec    .         Reflect  .   (no cloak)
rCorr    .         Harm     .   (no gloves)
MR       .....                  (no boots)
Stlth    ++........             (no amulet)
HPRegen  0.14/turn              C - ring of protection from cold (curse) {!d}
MPRegen  0.11/turn              j - +5 ring of strength

@: agile, very slightly contaminated, drained, invisible
A: unfitting armour, cold-blooded, AC +5
a: Renounce Religion


You were on level 3 of the Dungeon.
You worshipped Wu Jian.
Wu Jian was noncommittal.
You were hungry.

You visited 1 branch of the dungeon, and saw 3 of its levels.

You collected 102 gold pieces.

Inventory:

Missiles
 a - 29 arrows
Jewellery
 j - a +5 ring of strength (right hand)
 C - a cursed ring of protection from cold (left hand) {!d}
Wands
 m - a wand of flame (13)
Scrolls
 b - 3 scrolls of blinking {unknown}
 f - a scroll of remove curse {unknown}
 g - 3 scrolls of identify {unknown}
 i - a scroll of immolation {unknown}
 n - a scroll of enchant armour {unknown}
Potions
 k - a potion of brilliance {unknown}
 l - a potion of degeneration {unknown}
 o - a potion of might {unknown}
Comestibles
 c - 5 rations
 p - a chunk of flesh


   Skills:
 + Level 2.5(1.5) Fighting
 - Level 1.7(0.7) Dodging
 * Level 4.4(3.3) Unarmed Combat
 - Level 2.0(1.0) Spellcasting
 * Level 3.6(2.5) Transmutations


You had 2 spell levels left.
You knew the following spells:

 Your Spells              Type           Power        Failure   Level  Hunger
b - Sticks to Snakes      Tmut           #.......     14%         2    ###....
c - Spider Form           Tmut/Pois      #.........   43%         3    ####...
j - Beastly Appendage     Tmut           #.....       10%         1    ##.....

Your spell library contained the following spells:

 Spells                   Type           Power        Failure   Level  Hunger
 Ice Form                 Ice/Tmut       #.......     83%         4    #####..
 Blade Hands              Tmut           #.........   95%         5    ######.


Dungeon Overview and Level Annotations

Branches:
Dungeon (3/15)

Altars:
Wu Jian

Annotations:
D:3 Jessica


Innate Abilities, Weirdness & Mutations

Your plain brown scales are hard. (AC +5)
You cannot fit into any form of body armour.
You are cold-blooded and may be slowed by cold attacks.


Message History

The adder is moderately wounded.
Your transformation is almost over.
You feel sick. The adder closely misses you.
Jessica casts a spell.
Jessica blinks!
You take 1 damage, and have 22/42 hp.
You barely miss the adder.
The adder is moderately wounded.
The adder barely misses you.
You hit the adder but do no damage.
The adder looks as sick as possible!
The adder is heavily wounded.
You kill the adder!
The Council accepts your kill.
You barely miss the rat.
You feel sick. The rat closely misses you.
You take 1 damage, and have 21/42 hp.
You bite the rat!
You kill the rat!
The Council accepts your kill.
You bite the giant cockroach!
You kill the giant cockroach!
The Council accepts your kill.
You feel sick.
Jessica mumbles some strange words.
Jessica blinks!
You see here an adder corpse.
You take 1 damage, and have 21/42 hp.
Jessica casts a spell at you. You resist with some effort.
Your transformation has ended.
You lunge at Jessica.
You barely miss Jessica.
A bat comes into view.
You feel sick.
You take 1 damage, and have 20/42 hp.
Casting: Spider Form (slightly dangerous; 43% risk of failure)
Confirm with . or Enter, or press ? or * to list all spells.
You miscast Spider Form.
Your skin tingles.
Jessica hits you but does no damage.
You now have 1/8 mp.
Jessica points at you and mumbles some strange words.
You resist with some effort.
You feel sick.
You take 1 damage, and have 20/42 hp.
You see here an adder corpse.
There isn't anything here!
You see here an adder corpse.
You butcher the adder corpse.
You feel sick.
You are no longer poisoned.
Jessica hits you with a +5 club.
* * * LOW HITPOINT WARNING * * *
Things that are here:
a chunk of flesh; an adder skeleton You take 6 damage, and have 14/42 hp.
p - a chunk of flesh Jessica hits you with a +5 club!
* * * LOW HITPOINT WARNING * * *
You take 6 damage, and have 8/42 hp.
Unknown command.
It was a potion of invisibility.
You fade into invisibility!
Jessica closely misses you.
You catch the helpless Jessica completely off-guard!
You hit Jessica.
Jessica is lightly wounded.
Jessica closely misses you.
You closely miss Jessica. You tail-slap Jessica.
Jessica is heavily wounded.
Jessica hits you with a +5 club.
* * * LOW HITPOINT WARNING * * *
You take 5 damage, and have 3/42 hp.
Unknown command.
It was a potion of agility.
You feel agile all of a sudden. Jessica misses you.
It was a potion of curing.
You feel better. Jessica closely misses you.
You regained 7 hp, and now have 10/42 hp.
You hit Jessica.
Jessica is heavily wounded.
You closely miss Jessica.
You tail-slap Jessica, but do no damage.
Jessica is heavily wounded.
Jessica misses you.
You barely miss Jessica.
You tail-slap Jessica, but do no damage.
Jessica is heavily wounded.
Jessica shouts!
You catch the helpless Jessica completely off-guard!
You hit Jessica but do no damage.
Jessica is heavily wounded.
Jessica hits you with a +5 club.
* * * LOW HITPOINT WARNING * * *
You take 4 damage, and have 7/42 hp.
Unknown command.
You hit Jessica.
Jessica is heavily wounded.
Jessica barely misses you.
You closely miss Jessica.
Jessica is heavily wounded.
Jessica points at you and mumbles some strange words.
Pain shoots through your body!
You die...

#............. #.
................# #!
.................
#.#................b #...
#.............. #..#
#..................
#..###...........)...)..
###.....@@.......>....#...
#.....##.......>......#...
#.....##..................
#.....#####.#####.........
##.#### #รท# ##...#.....
#.# #.# #......#.#. #.#
#.# #......._.. #.# #.#
#.###..#.## #.# ##.####.#
####..#


You could see Jessica.

Vanquished Creatures
  Natasha (thrice) (D:2)
  An adder (D:3)
  A worm (D:3)
  3 dart slugs
  3 leopard geckos (D:1)
  2 ball pythons
  7 bats
  5 giant cockroaches
  5 hobgoblins
  7 jackals
  2 frilled lizards
  6 goblins
  6 kobolds
  6 rats
57 creatures vanquished.

Notes
Turn   | Place    | Note
-------+----------+-------------------------------------------
     0 | D:1      | Monsterracer the Draconian Transmuter began the quest for
                  | the Orb.
     0 | D:1      | Reached XP level 1. HP: 16/16 MP: 3/3
   205 | D:1      | Reached XP level 2. HP: 21/23 MP: 5/5
   418 | D:1      | Learned a level 2 spell: Sticks to Snakes
   613 | D:1      | Reached XP level 3. HP: 25/29 MP: 4/6
   646 | D:1      | Learned a level 3 spell: Spider Form
  1380 | D:2      | Noticed Natasha
  1389 | D:2      | Killed Natasha
  1433 | D:2      | Reached XP level 4. HP: 36/36 MP: 7/7
  1503 | D:2      | Noticed Natasha
  1509 | D:2      | HP: 17/36 [Natasha/magic dart (9)]
  1510 | D:2      | Killed Natasha
  1510 | D:2      | Reached skill level 4 in Unarmed Combat
  1844 | D:2      | Noticed Natasha
  1855 | D:2      | HP: 17/36 [Natasha/magic dart (6)]
  1856 | D:2      | Killed Natasha
  2807 | D:3      | Found an ornate altar of the Wu Jian Council.
  2814 | D:3      | Became a worshipper of the Wu Jian Council
  2822 | D:3      | Reached XP level 5. HP: 42/42 MP: 8/8
  2973 | D:3      | Noticed Jessica
  2995 | D:3      | HP: 21/42 [poisoned by an adder]
  3002 | D:3      | HP: 20/42 [poisoned by an adder]
  3010 | D:3      | HP: 19/42 [poisoned by an adder]
  3011 | D:3      | HP: 8/42 [Jessica/+5 club (7)]
  3014 | D:3      | HP: 3/42 [Jessica/+5 club (5)]
  3024 | D:3      | HP: 7/42 [Jessica/+5 club (4)]
  3026 | D:3      | Killed from afar by Jessica

Skill      XL: |  1  2  3  4 |
---------------+-------------+-----
Fighting       | 2 |  2.5
Transmutations | 3 |  3.6
Unarmed Combat | 4 |  4.4
Dodging        | |  1.7
Spellcasting   | |  2.0

Action                   |  1- 3 |  4- 6 || total
-------------------------+-------+-------++-------
Melee: Unarmed           |   134 |    98 ||   232
       Tailslap          |    13 |    12 ||    25
       Kick              |     4 |     1 ||     5
       Headbutt          |     1 |       ||     1
       Punch             |     1 |     3 ||     4
 Cast: Beastly Appendage |     8 |     1 ||     9
       Spider Form       |     1 |     2 ||     3
Invok: Lunge             |       |     2 ||     2
  Use: Potion            |       |     3 ||     3
 Stab: Sleeping          |     2 |     1 ||     3
       Invisible         |       |     2 ||     2
  Eat: Chunk             |     2 |     5 ||     7
Armor: Skin              |    50 |    31 ||    81
Dodge: Dodged            |    94 |    68 ||   162

Levels and vault maps discovered:
D:1:      lemuel_arrival_cross, layout_basic, chequers_mini_garden
D:2:      layout_basic, serial_forest, infiniplex_forest_lined_2,
          infiniplex_forest_lined_corner, infiniplex_forest_lined_corner,
          infiniplex_forest_end_3, infiniplex_forest_zigzag_2,
          infiniplex_forest_lined_room_2, infiniplex_forest_lined_room_2,
          infiniplex_forest_straight_2, infiniplex_forest_lined_4_way,
          uniq_natasha
D:3:      layout_rooms, lemuel_crystal_altar, uniq_jessica
